 Dungeon Crawl Stone Soup version 0.27.1-33-g824d729ab1 (webtiles) character file.

Game seed: 18170560065529640970

95 Garessta the Vexing (level 4, -4/30 HPs)
             Began as a Vampire Enchanter on Dec 11, 2021.
             Slain by a goblin (5 damage)
             ... led by Robin
             ... on level 3 of the Dungeon.
             The game lasted 00:05:54 (2395 turns).

Garessta the Vexing (Vampire Enchanter)             Turns: 2395, Time: 00:05:54

Health: -4/30      AC:  3    Str:  7    XL:     4   Next: 39%
Magic:  3/7        EV: 12    Int: 17    God:
Gold:   79         SH:  0    Dex: 15    Spells: 1/7 levels left

rFire    . . .     SeeInvis +   a - +1 dagger (freeze)
rCold    . . .     Faith    .   (no shield)
rNeg     . . .     Spirit   .   b - +1 robe
rPois    .         Reflect  .   (no helmet)
rElec    .         Harm     .   (no cloak)
rCorr    .         Rampage  .   (no gloves)
Will     .....                  (no boots)
Stlth    +++.......             (no amulet)
HPRegen  0.30/turn              (no ring)
MPRegen  0.10/turn              (no ring)

@: healing quickly
A: alive, fangs 3, see invisible, vampiric 2
a: Exsanguinate


You were on level 3 of the Dungeon.
You visited 1 branch of the dungeon, and saw 3 of its levels.

You collected 79 gold pieces.

Inventory:

Hand Weapons
 a - a +1 dagger of freezing (weapon)
Armour
 b - a +1 robe (worn)
Scrolls
 c - a scroll of immolation
 f - a scroll of brand weapon
 g - a scroll of identify
 j - a scroll of fog {unknown}
 l - a scroll of summoning {unknown}
Potions
 d - a potion of heal wounds {unknown}
 e - 2 potions of curing
 h - a potion of brilliance {unknown}
 k - a potion of flight {unknown}


   Skills:
 - Level 1.1 Short Blades
 - Level 2.1 Dodging
 + Level 5.8 Stealth
 - Level 2.0 Spellcasting
 * Level 6.8 Hexes


You had one spell level left.
You knew the following spells:

 Your Spells              Type           Power      Damage    Failure   Level
a - Corona                Hex            26%        N/A       1%          1
b - Ensorcelled Hibernat  Hex/Ice        26%        N/A       8%          2
c - Confusing Touch       Hex            24%        N/A       3%          3

Your spell library contained the following spells:

 Spells                   Type           Power      Damage    Failure   Level
 Tukima's Dance           Hex            24%        N/A       3%          3
 Dazzling Flash           Conj/Hex       26%        N/A       14%         3


Dungeon Overview and Level Annotations

Branches:
Dungeon (3/15)

Altars:
Zin

Annotations:
D:1 rock vault
D:3 Robin


Innate Abilities, Weirdness & Mutations

Your natural rate of healing is accelerated.
You have razor-sharp teeth.
You have supernaturally acute eyesight. (SInv)
You are afflicted with vampirism and can become a bat while bloodless.


Message History

You hear a shout!
Robin throws the goblin at you! The goblin hits you with a +0 dagger.
The goblin misses you.
Aiming: Ensorcelled Hibernation (safe; 8% risk of failure)
Press: ? - help, Q - select action, (/) - cycle Shift-Dir - straight line, f - goblin, p - goblin
Aim: a goblin, wielding a +0 dagger (strong, chance to affect: 62%)
The goblin looks drowsy...
The goblin closely misses you.
The helpless goblin fails to defend itself.
You impale the goblin!!
You kill the goblin!
Robin throws the goblin at you! The goblin barely misses you.
The goblin hits you with a +0 club.
You hit the goblin.
The goblin is severely wounded.
The goblin hits you with a +0 dagger.
A goblin comes into view. It is wielding a +0 dagger.
The goblin hits you with a +0 club.
As you read the scroll labelled HUUSCH KERA, it crumbles to dust.
It is a scroll of brand weapon.
Your +1 dagger is covered with a thin layer of ice!
a - a +1 dagger of freezing (weapon)
The goblin hits you with a +0 dagger.
* * * LOW HITPOINT WARNING * * *
The goblin closely misses you.
As you read the scroll labelled UHIELYE XAGHEU, it crumbles to dust.
The creatures around you are filled with an inner flame!
It was a scroll of immolation.
The goblin hits you but does no damage. The goblin closely misses you.
As you read the scroll labelled BUOSUK ASOSM, it crumbles to dust.
It is a scroll of identify.
e - 2 potions of curing The goblin misses you.
The goblin hits you with a +0 club.
* * * LOW HITPOINT WARNING * * *
As you read the scroll labelled GOCAIR PIRUE, it crumbles to dust.
It is a scroll of enchant armour.
Your +0 robe glows green for a moment.
The goblin hits you with a +0 dagger.
* * * LOW HITPOINT WARNING * * *
The goblin hits you with a +0 club.
You die... ### gg#

#g# #g# #. #@#
#[..####g######
#.............
#####.........
#.#######..#######
#...<......#
..>..#######$##
.## ...# .#.#


You could see Robin (inner flame) and 4 goblins.

Vanquished Creatures
  A jelly (D:3)
  An adder (D:2)
  2 worms (D:2)
  2 bats
  5 endoplasms
  4 giant cockroaches
  9 goblins
  3 hobgoblins (D:1)
  3 jackals (D:1)
  6 kobolds
  A quokka (D:1)
  A ball python (D:2)
  2 frilled lizards
  3 rats (D:1)
43 creatures vanquished.

Notes
Turn   | Place    | Note
-------+----------+-------------------------------------------
     0 | D:1      | Garessta the Vampire Enchanter began the quest for the Orb.
     0 | D:1      | Reached XP level 1. HP: 13/13 MP: 3/3
   196 | D:1      | Reached skill level 5 in Hexes
   196 | D:1      | Reached XP level 2. HP: 12/19 MP: 0/5
   200 | D:1      | Learned a level 2 spell: Ensorcelled Hibernation
   567 | D:1      | Reached skill level 5 in Stealth
  1095 | D:1      | Gained mutation: You are afflicted with vampirism and can
                  | become a bat while bloodless. [Vampire growth]
  1095 | D:1      | Reached XP level 3. HP: 22/24 MP: 3/6
  1129 | D:1      | Found a faded altar of an unknown god.
  1471 | D:2      | Reached skill level 6 in Hexes
  1811 | D:1      | Learned a level 3 spell: Confusing Touch
  2333 | D:3      | Reached XP level 4. HP: 30/30 MP: 2/7
  2386 | D:3      | Noticed Robin
  2395 | D:3      | HP: 1/30 [goblin[Robin] (2)]
  2395 | D:3      | Slain by a goblin

Illustrated notes

Levels and vault maps discovered:
D:1:      dpeg_arrival_leaves_temple_mockup, layout_basic,
          dreamdust_ecumenical_altar_hidden_monk_grotto, due_unseen_surprise
D:2:      layout_basic, basic_altar
D:3:      layout_loops_ring, mainiacjoe_overflow_surrounded_room, zin_academy,
          uniq_robin, uniq_grinder, uniq_ijyb, uniq_crazy_yiuf_cottage

Skill      XL: |  1  2  3 |
---------------+----------+-----
Hexes          | 5 6 |  6.8
Stealth        | 5 |  5.8
Short Blades   | |  1.1
Dodging        | |  2.1
Spellcasting   | |  2.0

Action                   |  1- 3 |  4- 6 || total
-------------------------+-------+-------++-------
Melee: Dagger            |   121 |     4 ||   125
       Bite              |     7 |       ||     7
 Cast: Corona            |     4 |       ||     4
       Ensorcelled Hiber |    34 |     2 ||    36
       Confusing Touch   |     1 |       ||     1
  Use: Scroll            |       |     4 ||     4
 Stab: Sleeping          |    26 |     2 ||    28
       Confused          |     1 |       ||     1
Armor: Robe              |    21 |     1 ||    22
Dodge: Dodged            |    74 |     6 ||    80
